 Dungeon Crawl Stone Soup version 0.22-a0-612-gd2f0174 (webtiles) character file.

91 Amnesiac the Magician (level 4, -1/34 HPs)
             Began as a Mummy Wizard on July 12, 2018.
             Slain by a hobgoblin
             ... wielding a +0 club
              (2 damage)
             ... on level 2 of the Dungeon.
             The game lasted 00:02:37 (2142 turns).

Amnesiac the Magician (Mummy Wizard)                Turns: 2142, Time: 00:02:37

Health: -1/34      AC:  2    Str: 10    XL:     4   Next: 34%
Magic:  2/10       EV: 12    Int: 18    God:
Gold:   48         SH:  0    Dex: 10    Spells: 2/11 levels left

rFire    x . .     SeeInvis .   b - +0 mace
rCold    + . .     Gourm    .   (no shield)
rNeg     + + +     Faith    .   a - +0 robe
rPois    ∞         Spirit   .   (no helmet)
rElec    .         Reflect  .   (no cloak)
rCorr    .         Harm     .   (no gloves)
MR       .....                  (no boots)
Stlth    ++........             (no amulet)
HPRegen  0.11/turn              (no ring)
MPRegen  0.12/turn              (no ring)

@: very slightly contaminated
A: no food or potions, fire vulnerability, cold resistance 1, negative energy
resistance 3, torment resistance, unbreathing
a: no special abilities


You were on level 2 of the Dungeon.
You were not hungry.

You visited 1 branch of the dungeon, and saw 3 of its levels.

You collected 48 gold pieces.

Inventory:

Hand Weapons
 b - a +0 mace (weapon)
Armour
 a - a +0 robe (worn)
Scrolls
 c - a scroll of amnesia {!r, unknown}
 d - a scroll of teleportation {!r, unknown}


   Skills:
 + Level 2.6 Fighting
 - Level 1.5 Dodging
 - Level 1.5 Stealth
 - Level 4.0 Spellcasting
 + Level 2.5 Conjurations
 - Level 0.7 Summonings
   Level 0.7 Translocations


You had 2 spell levels left.
You knew the following spells:

 Your Spells              Type           Power        Failure   Level  Hunger
a - Magic Dart            Conj           ##..         5%          1    N/A
b - Call Imp              Summ           #.......     17%         2    N/A
e - Mephitic Cloud        Conj/Pois/Air  #.......     30%         3    N/A
s - Conjure Flame         Conj/Fire      #.......     26%         3    N/A

Your spell library contained the following spells:

 Spells                   Type           Power        Failure   Level  Hunger
 Slow                     Hex            #.......     22%         2    N/A
 Blink                    Tloc           N/A          17%         2    N/A

Dungeon Overview and Level Annotations

Branches:
Dungeon (3/15)

Altars:


Innate Abilities, Weirdness & Mutations

You do not eat or drink.
Your flesh is vulnerable to fire.
You are immune to poison.
Your flesh is cold resistant. (rC+)
You are immune to negative energy. (rN+++)
You are immune to unholy pain and torment.
You can survive without breathing.


Message History

You kill the orc!
Casting: Magic Dart (safe; 5% risk of failure)
Confirm with . or Enter, or press ? or * to list all spells.
Aiming: Magic Dart (safe; 5% risk of failure)
Press: ? - help, Shift-Dir - straight line, f - orc
Aim: an orc, wearing a scale mail The magic dart hits the orc.
A hobgoblin comes into view. It is wielding a club.
Casting: Magic Dart (safe; 5% risk of failure)
Confirm with . or Enter, or press ? or * to list all spells.
Aiming: Magic Dart (safe; 5% risk of failure)
Press: ? - help, Shift-Dir - straight line, f/p - orc
Aim: an orc, wearing a scale mail The magic dart hits the orc.
The orc is moderately wounded.
Casting: Magic Dart (safe; 5% risk of failure)
Confirm with . or Enter, or press ? or * to list all spells.
Aiming: Magic Dart (safe; 5% risk of failure)
Press: ? - help, Shift-Dir - straight line, f/p - orc
Aim: an orc, wearing a scale mail (moderately wounded)
The magic dart hits the orc.
The orc is severely wounded.
Casting: Magic Dart (safe; 5% risk of failure)
Confirm with . or Enter, or press ? or * to list all spells.
Aiming: Magic Dart (safe; 5% risk of failure)
Press: ? - help, Shift-Dir - straight line, f/p - orc
Aim: an orc, wearing a scale mail (severely wounded)
You miscast Magic Dart.
You are very lightly contaminated with residual magic.
You feel a strange surge of energy!
Casting: Magic Dart (safe; 5% risk of failure)
Confirm with . or Enter, or press ? or * to list all spells.
You don't have enough magic to cast that spell.
Casting: Magic Dart (safe; 5% risk of failure)
Confirm with . or Enter, or press ? or * to list all spells.
You don't have enough magic to cast that spell.
You barely miss the hobgoblin. The orc barely misses you.
The hobgoblin hits you with a club.
* * * LOW HITPOINT WARNING * * *
You hit the orc.
The orc is almost dead.
The orc hits you.
* * * LOW HITPOINT WARNING * * *
The hobgoblin hits you with a club!
* * * LOW HITPOINT WARNING * * *
The orc barely misses you.
You barely miss the orc.
The orc is almost dead.
The hobgoblin closely misses you. The orc closely misses you.
Unknown command.
You can't drink.
Really read
e - a scroll labeled ZOAFUD JYBUEC {!r}?
As you read the scroll labeled ZOAFUD JYBUEC {!r}, it crumbles to dust.
You feel aware of your surroundings.
It was a scroll of magic mapping {!r}.
The hobgoblin barely misses you. The orc closely misses you.
You hit the orc but do no damage.
The orc is almost dead.
The hobgoblin hits you but does no damage.
The orc misses you. The hobgoblin barely misses you.
Unknown command.
You hit the orc.
You kill the orc!
The hobgoblin hits you with a club.
You die...

..,,,,,******************
.,,,,,,,,,,,,,,,,,,,,,,,*
##################*****,*
#...#.......o....# *,*
..........÷.>###.# *,*
....#......#o..#.# *,*********
).#.#...##.#.#.#†# *,,,,,,,,,,
........#......#o# ***********
.##.##..#..#.###@# .##.##..#..#[#
#g#
.##.##..#..#.#*#.#***************
.##.##.....#.#,...,,,,,,,,,,,,,,,
###..,,..,,..#,#.#***************
###.#,.#.,....,...,*
..###,,*,...##,#.#,* #.#
*,,*....**,..#'******* #.#
*,,#....*,,,,,,,,,,,,*


You could see an orc and a hobgoblin.

Vanquished Creatures
  A hound skeleton (D:2)
  2 adders (D:2)
  A gnoll (D:1)
  A leopard gecko (D:2)
  5 orcs (D:2)
  4 giant cockroaches (D:1)
  2 goblins (D:2)
  2 hobgoblins (D:1)
  2 ball pythons
  5 bats
  4 frilled lizards
  6 kobolds
  12 rats
47 creatures vanquished.

Vanquished Creatures (collateral kills)
  An adder (D:2)
  A worm (D:2)
2 creatures vanquished.

Grand Total: 49 creatures vanquished

Notes
Turn   | Place    | Note
-------+----------+-------------------------------------------
     0 | D:1      | Amnesiac the Mummy Wizard began the quest for the Orb.
     0 | D:1      | Reached XP level 1. HP: 13/13 MP: 5/5
    34 | D:1      | Reached skill level 1 in Conjurations
   216 | D:3      | Noticed an orc priest
   528 | D:2      | Reached skill level 1 in Fighting
   528 | D:2      | Reached XP level 2. HP: 21/21 MP: 2/7
   533 | D:2      | Learned a level 2 spell: Call Imp
  1236 | D:1      | Reached XP level 3. HP: 27/27 MP: 4/8
  1241 | D:1      | Learned a level 3 spell: Conjure Flame
  1245 | D:1      | Learned a level 3 spell: Mephitic Cloud
  1830 | D:2      | Reached XP level 4. HP: 26/34 MP: 2/10
  2138 | D:2      | HP: 1/34 [hobgoblin/club (7)]
  2142 | D:2      | Slain by a hobgoblin

Vault maps used:
D:1:      mushboom_english_gardens, serial_bayou_pond_e
D:2:      minmay_domino_4
D:3:      cheibriados_altar_1, lemuel_crystal_altar, tso_altar

Skill      XL: |  1  2  3 |
---------------+----------+-----
Conjurations   | 1 2 |  2.5
Fighting       | 1 2 |  2.6
Dodging        | |  1.5
Stealth        | |  1.5
Spellcasting   | |  4.0
Summonings     | |  0.7
Translocations | |  0.7

Action                   |  1- 3 |  4- 6 || total
-------------------------+-------+-------++-------
Melee: Unarmed           |     5 |       ||     5
       Mace              |    10 |    11 ||    21
 Cast: Magic Dart        |    80 |    18 ||    98
       Call Imp          |     4 |       ||     4
       Mephitic Cloud    |       |     1 ||     1
  Use: Scroll            |       |     1 ||     1
Armor: Robe              |    12 |     3 ||    15
Dodge: Dodged            |    39 |    33 ||    72

Table legend:
 A = Spawn XP
 B = Non-spawn XP
 C = Spawn XP percentage of total XP
 D = Spawn monster count
 E = Non-spawn monster count
 F = Spawn count percentage of total count
 G = Total turns spent on level
                    A         B        C        D         E        F      G
               +---------+---------+-------+---------+---------+-------+---------
         Total |       0 |     131 |   0.0 |       0 |      49 |   0.0 |  2142
               +---------+---------+-------+---------+---------+-------+---------
           D:1 |       0 |      43 |   0.0 |       0 |      25 |   0.0 |  1050
           D:2 |       0 |      88 |   0.0 |       0 |      24 |   0.0 |  1081
               +---------+---------+-------+---------+---------+-------+---------
